 Dungeon Crawl Stone Soup version 0.28-a0-1435-g82390b3a13 (webtiles) character file.

Game seed: 9600330289914203715

119 Lekart the Skirmisher (level 4, -4/40 HPs)
             Began as a Draconian Fighter on Jan 9, 2022.
             Slain by Sigmund (7 damage)
             ... on level 2 of the Dungeon.
             The game lasted 00:03:00 (2053 turns).

Lekart the Skirmisher (Draconian Fighter)           Turns: 2053, Time: 00:03:01

Health: -4/40      AC:  5    Str: 18 (19) XL:     4   Next: 74%
Magic:  4/4        EV: 12    Int:  5 (8)  God:
Gold:   35         SH:  4    Dex: 10 (12) Spells: 2/4 levels left

rFire   . . .      SeeInvis .   a - +1 long sword
rCold   . . .      Faith    .   b - +0 buckler
rNeg    . . .      Spirit   .   (armour unavailable)
rPois   .          Reflect  .   (helmet restricted)
rElec   .          Harm     .   (no cloak)
rCorr   .          Rampage  .   (no gloves)
Will    .....                   (no boots)
Stlth   +.........              h - amulet of regeneration
HPRegen 0.93/turn               (no ring)
MPRegen 0.09/turn               (no ring)

@: brilliant, attractive
A: AC +5, unfitting armour, cold-blooded
a: no special abilities


You were on level 2 of the Dungeon.
You visited 1 branch of the dungeon, and saw 2 of its levels.

You collected 35 gold pieces.

Inventory:

Hand Weapons
 a - a +1 long sword (weapon)
Armour
 b - a +0 buckler (worn)
Jewellery
 h - an amulet of regeneration (around neck)
Scrolls
 g - a scroll of identify {unknown}
Potions
 e - a potion of brilliance


   Skills:
 * Level 4.2 Fighting
 + Level 2.9 Long Blades
 + Level 3.2 Dodging
 + Level 3.3 Shields
 * Level 0.6 Spellcasting
 * Level 1.1 Transmutations
 * Level 0.8 Earth Magic


You had 2 spell levels left.
You knew the following spells:

 Your Spells              Type           Power      Damage    Failure   Level
a - Passwall              Tmut/Erth      0%         N/A       56%         2

Your spell library contained the following spells:

 Spells                   Type           Power      Damage    Failure   Level
 Sandblast                Erth           2%         2d4       43%         1
 Stone Arrow              Conj/Erth      0%         3d7       86%         3


Dungeon Overview and Level Annotations

Branches:
Dungeon (2/15)

Altars:
Ashenzari

Shops:
D:1 !

Annotations:
D:1 exclusions: downstairs and 1 more exclusion
D:2 Sigmund


Innate Abilities, Weirdness & Mutations

Your plain brown scales are hard. (AC +5)
You cannot fit into any form of body armour.
You are cold-blooded and may be slowed by cold attacks.


Message History

Deactivating autopickup; reactivate with Ctrl-A.
It was a potion of brilliance.
You feel clever all of a sudden. Something hits you! Something hits you.
Something is attracted toward you.
There is a stone staircase leading up here.
You're too confused to move!
You miss something.
You feel less confused.
You hear some strange, mumbled words.
You are confused.
It was a potion of degeneration.
There was something very wrong with that liquid.
You feel weakened.
You feel dopey.
You feel clumsy. Something hits you.
You hear some strange, mumbled words.
A puff of flame appears from out of thin air!
The puff of flame hits you! Something barely misses you.
You miss something.
You hear some strange, mumbled words.
You are more confused.
You closely miss something.
Your tail-slap misses something.
Something hits you.
There is a stone staircase leading up here.
You closely miss something.
Your tail-slap misses something.
Something completely misses you. Something hits you. Something hits you!
* * * LOW HITPOINT WARNING * * *
Something is attracted toward you. Something is attracted toward you.
You feel less confused. Something hits you!
* * * LOW HITPOINT WARNING * * *
Something is attracted toward you.
As you read the scroll labelled TAJARGH XELOI, it crumbles to dust.
You hear a loud clanging noise!
It was a scroll of noise.
Something hits you!
You die...

......#.............# #..........
#####...............# #........#.
#####...#..8........# #####....#.
#...#...#...........# #...[...#.
#...#####...§<.8..######.......#.
#..)######...§....#............#.
#.........#8.(§...#............#.
#.........#....{..#......##....#.
..........#.....@................
..........#.......##...##.....###
..........#.#####+##.............
.#........#.##...................
.............#...................
.............#.#.#.#.#.#.........
......##(....#.......†...........
###...##.....#.#.##'##.###.... ##
#...##.....##..#...#..# ....


There were no monsters in sight!

Vanquished Creatures
  Jessica (D:2)
  Robin (D:2)
  3 adders (D:2)
  A worm (D:2)
  2 dart slugs
  3 ball pythons
  4 bats
  3 endoplasms (D:1)
  12 goblins
  6 hobgoblins
  3 jackals (D:1)
  2 kobolds
  A quokka (D:1)
  6 rats
  A spectral goblin (D:1)
49 creatures vanquished.

Notes
Turn   | Place    | Note
-------+----------+-------------------------------------------
     0 | D:1      | Lekart the Draconian Fighter began the quest for the Orb.
     0 | D:1      | Reached XP level 1. HP: 19/19 MP: 1/1
   318 | D:1      | Found a faded altar of an unknown god.
   384 | D:1      | Found Kizosey's Distillery.
   393 | D:1      | Reached XP level 2. HP: 20/26 MP: 2/2
  1264 | D:2      | Reached XP level 3. HP: 33/33 MP: 3/3
  1269 | D:2      | Learned a level 2 spell: Passwall
  1369 | D:2      | Found a broken altar of Ashenzari.
  1388 | D:2      | Reached skill level 4 in Fighting
  1528 | D:2      | Noticed Jessica
  1533 | D:2      | Killed Jessica
  1534 | D:2      | Reached skill level 1 in Transmutations
  1534 | D:2      | Reached XP level 4. HP: 40/40 MP: 4/4
  1575 | D:2      | Noticed Robin
  1577 | D:2      | Noticed Sigmund
  1751 | D:2      | Killed Robin
  2052 | D:2      | HP: 2/40 [something (8)]
  2053 | D:2      | Slain by Sigmund

Illustrated notes

Levels and vault maps discovered:
D:1:      minmay_arrival_open_corners, layout_basic,
          dreamdust_ecumenical_altar_drowned_temple, serial_shops, shop,
          serial_bayou_pond_b, minmay_cupped
D:2:      layout_basic, basic_altar, minmay_misc_feat_doors, grunt_ministairs_1,
          uniq_sigmund, uniq_robin, uniq_jessica

Skill      XL: |  1  2  3 |
---------------+----------+-----
Dodging        | 3 |  3.2
Fighting       | 4 |  4.2
Transmutations | 1 |  1.1
Long Blades    | |  2.9
Shields        | |  3.3
Spellcasting   | |  0.6
Earth Magic    | |  0.8

Action                   |  1- 3 |  4- 6 || total
-------------------------+-------+-------++-------
Melee: Long sword        |    99 |    41 ||   140
       Tailslap          |    10 |     2 ||    12
  Use: Scroll            |     2 |     1 ||     3
       Potion            |     1 |     3 ||     4
 Stab: Sleeping          |     1 |       ||     1
Armor: Skin              |    57 |    28 ||    85
Dodge: Dodged            |    85 |    50 ||   135
Block: Buckler           |    28 |    22 ||    50

Table legend: (Time is in decaauts)
 A = Elapsed time spent in this place.
 B = Non-inter-level travel time spent in this place.
 C = Inter-level travel time spent in this place.
 D = Time resting spent in this place.
 E = Time spent auto-exploring this place.
 F = Levels seen in this place.
 G = Mean time per level.
                   A        B        C        D        E       F      G
               +--------+--------+--------+--------+--------+-----+--------+
         Total |   2109 |   2043 |     66 |    294 |   1344 |   2 | 1054.5 |
       Dungeon |   2109 |   2043 |     66 |    294 |   1344 |   2 | 1054.5 |
               +--------+--------+--------+--------+--------+-----+--------+

Top non-repeatable levels by time:
     D:1: 1440 daAuts
     D:2: 669 daAuts
